 Dungeon Crawl Stone Soup version 0.31-a0-164-g2312942fda (webtiles) character file.

Game seed: 17861745523083772929

305720 qw the Marksnaga (level 21, -22/216 HPs)
             Began as a Naga Hunter on June 13, 2023.
             Was a High Priest of Okawaru.
             Annihilated by Jory
             ... wielding a +1 great sword of freezing
              (33 damage)
             ... on level 4 of the Vaults.
             The game lasted 00:19:05 (33908 turns).

qw the Marksnaga (Naga Hunter)                     Turns: 33908, Time: 00:19:06

Health: -22/216    AC: 35    Str: 12    XL:     21   Next: 51%
Magic:  37/37      EV: 34    Int: 16    God:    Okawaru [*****.]
Gold:   2655       SH:  0    Dex: 36    Spells: 20/20 levels left

rFire   + . .        f - +4 longbow (flame)
rCold   + . .        (shield currently unavailable)
rNeg    . . .        i - +0 troll leather armour
rPois   +            j - +2 helmet
rElec   +            x - scarf {rC+ rF+}
rCorr   +            u - +2 pair of gloves {hurl}
SInv    +            t - +6 barding of Hysteria {rCorr MP+9 Str-2 Int+5}
Will    ++...        v - amulet of faith
Stlth   ++++         h - +6 ring of dexterity
HPRegen 1.36/turn    d - +6 ring of dexterity
MPRegen 0.25/turn

%: faith
@: about to teleport, heroic, very slow
A: AC +7, large, see invisible, deformed body, poison resistance, slowness 2,
spit poison 2, naga tail 2, iridescent scales 2, electricity resistance
}: 1/15 runes: gossamer
a: Breathe Poison Gas, Renounce Religion, Heroism, Finesse, Duel


You were on level 4 of the Vaults.
You worshipped Okawaru.
Okawaru was extremely pleased with you.
You visited 7 branches of the dungeon, and saw 34 of its levels.
You visited the Abyss 1 time.
You also visited: Sewer.

You collected 4891 gold pieces.
You spent 2236 gold pieces at shops.


Innate Abilities, Weirdness & Mutations

Your serpentine skin is tough. (AC +7)
You have supernaturally acute eyesight. (SInv)
Armour fits poorly on your strangely shaped body.
Your system is resistant to poisons. (rPois)
You cover ground very slowly.
You can exhale a cloud of poison.
You can use your snake-like lower body to constrict enemies.
You are mostly covered in iridescent scales. (AC +4)
You are resistant to electric shocks. (rElec)


   Skills:
 - Level 19.0(24.0) Fighting
 - Level 20.0(25.0) Ranged Weapons
 - Level 10.0(15.0) Armour
 + Level 16.6(21.6) Dodging
 - Level 1.5(6.5) Stealth
 - Level 10.0 Invocations


You had 20 spell levels left.
You didn't know any spells.
Your spell library was empty.

Inventory:

Hand Weapons
 f - a +4 longbow of flaming (weapon)
Armour
 c - the +0 barding "Defic" {rF+}
   (Okawaru gifted it to you on level 4 of the Lair of Beasts)

   rF:        It protects you from fire.
 g - a scarf of resistance
 i - a +0 troll leather armour (worn)
 j - a +2 helmet (worn)
 k - a +2 cloak
 t - the +6 barding of Hysteria (worn) {rCorr MP+9 Str-2 Int+5}
   (Okawaru gifted it to you on level 5 of the Lair of Beasts)

   Str:       It affects your strength (-2).
   Int:       It affects your intelligence (+5).
   MP:        It affects your magic capacity (+9).
   rCorr:     It protects you from acid and corrosion.
 u - a +2 pair of gloves of hurling (worn)
 x - a scarf of resistance (worn)
Jewellery
 d - a +6 ring of dexterity (right hand)
 h - a +6 ring of dexterity (left hand)
 s - an amulet of reflection
 v - an amulet of faith (around neck)
Wands
 q - a wand of digging (8)
Scrolls
 a - 6 scrolls of teleportation
 p - 11 scrolls of identify
Potions
 b - 5 potions of cancellation
 e - 11 potions of curing
 l - 7 potions of haste
 n - 5 potions of mutation
 o - 6 potions of might
 r - 4 potions of magic
 w - 4 potions of resistance
 z - a potion of heal wounds

Dungeon Overview and Level Annotations

Branches:
Dungeon (15/15)            Temple (1/1) D:6            Lair (5/5) D:10
 Shoals (3/4) Lair:2       Spider (4/4) Lair:3        Slime (0/5) Lair:5
    Orc (2/2) D:9             Elf (0/3) Orc:2        Vaults (3/5) D:13
  Crypt (0/3) Vaults:2     Depths (0/4) D:15          Sewer (visited)

Altars:
Ashenzari
Cheibriados
Dithmenos
Elyvilon
Fedhas
Gozag
Hepliaklqana
Kikubaaqudgha
Makhleb
Nemelex Xobeh
Okawaru
Qazlal
Ru
Sif Muna
Trog
Uskayaw
Vehumet
Wu Jian
Xom
Yredelemnul
Zin
The Shining One

Shops:
D:10 *!   Orc:1 ?   Orc:2 ([:   Shoals:3 [   Vaults:1 !=*   Vaults:3 *

Annotations:
D:5 exclusion: jackal
D:6 1 runed translucent door, Crazy Yiuf
D:9 3 runed translucent doors, qw's ghost, novice NaHu
D:15 2 transporters, Ruat's ghost, adept DECj
Vaults:4 Jory


Message History

Okawaru accepts your kill.
The runic seal fades away.
The harpy claws you but does no damage. The harpy completely misses you.
The deep troll bites you but does no damage.
The deep troll completely misses you.
The deep troll claws you but does no damage.
The necromancer completely misses you.
You shoot an arrow. The arrow hits Jory!!!
The arrow burns Jory!
Jory is moderately damaged.
The harpy barely misses you. The harpy misses you. Jory barely misses you.
Jory bites you but does no damage.
You shoot an arrow. The arrow closely misses Jory.
The arrow closely misses the ironbound convoker.
The deep troll bites you!! The deep troll completely misses you.
The deep troll closely misses you. The wizard completely misses you.
The necromancer mumbles some strange words.
The necromancer binds the souls of nearby monsters.
The harpy claws you but does no damage. The harpy closely misses you.
Jory hits you with a +1 great sword of freezing.
Jory completely misses you.
You shoot an arrow. The arrow hits Jory!
The arrow burns Jory!
Jory is moderately damaged.
The harpy completely misses you. x2; The wizard closely misses you.
The deep troll misses you.
The deep troll claws you but does no damage.
The deep troll barely misses you.
The ironbound convoker barely misses you.
The necromancer points at you and mumbles some strange words.
You resist with almost no effort.
Jory hits you with a +1 great sword of freezing!!
Jory freezes you! Jory completely misses you.
33908 ||| READING 7 scrolls of teleportation.
As you read the scroll of teleportation, it crumbles to dust.
You feel strangely unstable. The harpy completely misses you.
The harpy claws you. The deep troll closely misses you.
The deep troll completely misses you. x2
The wizard closely misses you. The necromancer completely misses you.
The ironbound convoker completely misses you.
Jory hits you with a +1 great sword of freezing!!
You die...

#.........
#....#
#.........
#....#.
#...^.....
#...)+
#.........
#....#
#.........
######....#
#.........
........c.#
#..#####'#
.......pVT#
#..#......
......)p@p#
#..#......
..........#
#..#......
......H...#
#..#......
..........#
#..#......
..........#
#..#......
..........#
#..#......
########..#
#..# #..#
#..# #..#
#..#


You could see Jory (strong), a yaktaur captain (soul bound, strong), a deep
troll (soul bound, strong), an ironbound convoker (soul bound), a necromancer, a
wizard (soul bound, strong) and a harpy (soul bound, strong).

Vanquished Creatures
  Mara (Spider:4)
  Xtahua (Vaults:2)
  A profane servitor (Abyss:2)
  Rupert (Orc:2)
  2 sphinxes
  Gastronok (D:9)
  2 tengu reavers
  Roxanne (Spider:1)
  6 vault wardens
  9 emperor scorpions
  4 orc warlords
  10 ironbound preservers
  4 ghost moths
  A very ugly thing (Vaults:4)
  2 formless jellyfish
  A vampire knight (Vaults:2)
  3 ironbound thunderhulks
  Nessos (D:12)
  14 dire elephants
  An ettin (Vaults:2)
  5 crystal guardians
  6 great orbs of eyes
  2 merfolk javelineers
  11 yaktaur captains
  A deep elf high priest (Vaults:4)
  5 entropy weavers
  2 vault guards (D:13)
  4 peacekeepers
  3 catoblepae (Lair:5)
  7 hydras
  27 centaur warriors
  Erolcha (D:13)
  An alligator snapping turtle (Shoals:3)
  A merfolk aquamancer (Shoals:1)
  4 ogre magi (Orc:2)
  9 boulder beetles
  2 radroaches (Spider:3)
  8 ironbound frosthearts
  20 two-headed ogres
  A vampire mage (Vaults:2)
  7 death yaks (Lair:5)
  A tengu warrior (D:13)
  A hell knight (D:13)
  8 demonic crawlers
  A thrashing horror (Abyss:2)
  Nergalle (Lair:2)
  Sonja (D:13)
  An orc high priest (Orc:1)
  Urug (D:12)
  2 wretched stars (Abyss:2)
  A skyshark (Lair:4)
  A shadow wraith (Vaults:2)
  7 pharaoh ants
  7 sea snakes
  A sixfirhy (Abyss:2)
  28 deep trolls
  8 orb spiders
  9 steelbarb worms
  2 starcursed masses (Abyss:2)
  A sun moth (Spider:4)
  Pikel (D:4)
  2 phantasmal warriors
  17 harpies
  10 ironbound convokers
  6 wizards
  16 lindwurms
  4 orc knights (Orc:2)
  A deep elf zephyrmancer (D:15)
  4 orc sorcerers
  2 necromancers
  7 cyclopes
  4 deep elf pyromancers
  10 ugly things
  19 wolf spiders
  9 manticores
  7 fauns
  22 elephants
  3 moths of wrath
  An apocalypse crab (Abyss:2)
  6 merfolk sirens
  A smoke demon (Abyss:2)
  3 torpor snails
  Maurice (D:8)
  8 vault sentinels
  8 black mambas
  An orange demon (Abyss:2)
  14 water nymphs
  10 cane toads
  2 centaur skeletons (D:15)
  4 rime drakes
  2 unseen horrors
  2 efreet
  11 komodo dragons
  Maggie (D:6)
  2 freezing wraiths
  14 trolls
  10 yaktaurs
  13 merfolk
  4 wind drakes
  A polar bear (Lair:4)
  A tyrant leech (shapeshifter) (Vaults:2)
  8 blink frogs
  23 tarantellas
  A harpy skeleton (D:15)
  3 raiju (Abyss:2)
  22 dream sheep
  3 snapping turtles
  32 slime creatures
  3 centaur simulacra (D:15)
  26 jumping spiders
  16 culicivoras
  A vampire (D:12)
  6 water elementals
  8 wyverns
  4 shadows
  A human (shapeshifter) (D:13)
  2 wraiths
  49 yaks
  2 steam dragons
  9 vampire mosquitoes
  2 basilisks
  A chaos spawn (Abyss:2)
  A neqoxec (Abyss:2)
  9 humans (D:13)
  41 redbacks
  2 wargs (Orc:2)
  4 large abominations (Abyss:2)
  A hell hound (D:13)
  5 acid dragons
  8 water moccasins
  43 orc warriors
  2 ice beasts (D:6)
  2 black bears
  13 wolves
  29 ogres
  12 centaurs
  A phantom (D:5)
  4 lemures (D:4)
  A kobold brigand (D:9)
  2 small abominations (Abyss:2)
  7 bullfrogs
  2 gnoll sergeants
  8 scorpions
  10 wights (D:9)
  6 killer bees (D:9)
  5 howler monkeys
  5 electric eels
  A crimson imp (D:8)
  A quasit (Abyss:2)
  2 iron imps (Abyss:2)
  5 jellies
  16 orc priests
  A gnoll bouda (D:7)
  8 hounds
  2 iguanas (D:5)
  23 orc wizards
  A sleepcap (D:6)
  28 gnolls
  9 adders
  A river rat (Sewer)
  15 white imps
  2 ufetubi
  5 worms
  4 dart slugs
  97 orcs
  13 ball pythons
  6 bats
  9 endoplasms
  10 giant cockroaches
  7 goblins
  6 hobgoblins
  21 jackals
  5 kobolds
  8 quokkas
  7 frilled lizards
  9 rats
1306 creatures vanquished.

Vanquished Creatures (others)
  A human (D:13)
1 creature vanquished.

Grand Total: 1307 creatures vanquished

Notes
Turn   | Place    | Note
-------+----------+-------------------------------------------
     0 | D:1      | qw the Naga Hunter began the quest for the Orb.
     0 | D:1      | Reached XP level 1. HP: 19/19 MP: 1/1
     0 | D:1      | 0 ||| qw: Version: 0.2-a-29-gc1b59c4
     0 | D:1      | 0 ||| qw: Game counter: 4577
     0 | D:1      | 0 ||| qw: Always use a shield: true
     0 | D:1      | 0 ||| qw: God list: Okawaru
     0 | D:1      | 0 ||| qw: Allow faded altars: false
     0 | D:1      | 0 ||| qw: Do Orc after D:15 true
     0 | D:1      | 0 ||| qw: Do second Lair branch before Depths: true
     0 | D:1      | 0 ||| qw: Lair rune preference: random
     0 | D:1      | 0 ||| qw: Plans: Normal
     0 | D:1      | 0 ||| PLANNING D:1-11
    39 | D:1      | 39 ||| INVOKING Spit Poison.
    42 | D:1      | 42 ||| INVOKING Spit Poison.
    91 | D:1      | 91 ||| INVOKING Spit Poison.
    97 | D:1      | 97 ||| INVOKING Spit Poison.
    98 | D:1      | Reached skill level 4 in Ranged Weapons
    98 | D:1      | Reached XP level 2. HP: 26/26 MP: 2/2
   111 | D:1      | 111 ||| INVOKING Spit Poison.
   117 | D:1      | 117 ||| INVOKING Spit Poison.
   189 | D:1      | 189 ||| INVOKING Spit Poison.
   204 | D:1      | 204 ||| INVOKING Spit Poison.
   394 | D:1      | 394 ||| INVOKING Spit Poison.
   448 | D:1      | 448 ||| INVOKING Spit Poison.
   498 | D:1      | 498 ||| INVOKING Spit Poison.
   503 | D:1      | 503 ||| INVOKING Spit Poison.
   637 | D:1      | 637 ||| INVOKING Spit Poison.
   638 | D:1      | Reached XP level 3. HP: 32/32 MP: 3/3
   715 | D:1      | 715 ||| INVOKING Spit Poison.
   717 | D:1      | 717 ||| UPGRADING to +0 pair of gloves.
   722 | D:1      | 722 ||| UPGRADING to +2 helmet.
   727 | D:1      | 727 ||| UPGRADING to +6 ring of dexterity.
   728 | D:1      | 728 ||| READING 2 scrolls labelled ATUOMYGGENAJ.
   729 | D:1      | 729 ||| READING scroll labelled OMEONN IDOOHOC.
   730 | D:1      | 730 ||| DRINKING 2 blue potions.
   731 | D:1      | 731 ||| DROPPING scroll of blinking.
   732 | D:1      | 732 ||| DROPPING scroll of butterflies.
   800 | D:2      | 800 ||| INVOKING Spit Poison.
   848 | D:2      | 848 ||| INVOKING Spit Poison.
   903 | D:2      | 903 ||| INVOKING Spit Poison.
   957 | D:2      | 957 ||| INVOKING Spit Poison.
   995 | D:2      | 995 ||| INVOKING Spit Poison.
  1011 | D:2      | 1011 ||| INVOKING Spit Poison.
  1034 | D:2      | 1034 ||| INVOKING Spit Poison.
  1135 | D:2      | 1135 ||| INVOKING Spit Poison.
  1211 | D:2      | 1211 ||| INVOKING Spit Poison.
  1244 | D:2      | Found a faded altar of an unknown god.
  1317 | D:2      | 1317 ||| INVOKING Spit Poison.
  1393 | D:2      | 1393 ||| INVOKING Spit Poison.
  1415 | D:2      | 1415 ||| INVOKING Spit Poison.
  1482 | D:2      | 1482 ||| UPGRADING to +0 cloak.
  1487 | D:2      | 1487 ||| READING scroll labelled USUG PIACI.
  1488 | D:2      | 1488 ||| READING scroll labelled KAMMEZEUSH.
  1489 | D:2      | 1489 ||| DRINKING 2 black potions.
  1489 | D:2      | Gained mutation: Your magical capacity is low. (-10% MP)
                  | [potion of mutation]
  1489 | D:2      | Gained mutation: You occasionally lose the ability to read
                  | scrolls when taking damage. [potion of mutation]
  1489 | D:2      | Gained mutation: Potions are less effective at restoring
                  | your health. [potion of mutation]
  1490 | D:2      | 1490 ||| DRINKING potion of mutation.
  1490 | D:2      | Lost mutation: Your magical capacity is low. (-10% MP)
                  | [potion of mutation]
  1490 | D:2      | Lost mutation: You occasionally lose the ability to read
                  | scrolls when taking damage. [potion of mutation]
  1490 | D:2      | Lost mutation: Potions are less effective at restoring your
                  | health. [potion of mutation]
  1490 | D:2      | Gained mutation: You are resistant to electric shocks.
                  | (rElec) [potion of mutation]
  1490 | D:2      | Gained mutation: You can exhale a cloud of poison. [potion
                  | of mutation]
  1490 | D:2      | Gained mutation: You are partially covered in iridescent
                  | scales. (AC +2) [potion of mutation]
  1490 | D:2      | Gained mutation: You are mostly covered in iridescent
                  | scales. (AC +4) [potion of mutation]
  1532 | D:3      | 1532 ||| INVOKING Breathe Poison Gas.
  1587 | D:3      | 1587 ||| INVOKING Breathe Poison Gas.
  1588 | D:3      | 1588 ||| INVOKING Breathe Poison Gas.
  1592 | D:3      | Reached skill level 5 in Ranged Weapons
  1660 | D:3      | 1660 ||| DRINKING 2 fuming emerald potions.
  1665 | D:3      | 1665 ||| INVOKING Breathe Poison Gas.
  1666 | D:3      | Reached XP level 4. HP: 39/39 MP: 4/4
  1747 | D:3      | 1747 ||| INVOKING Breathe Poison Gas.
  1774 | D:3      | 1774 ||| INVOKING Breathe Poison Gas.
  1800 | D:3      | 1800 ||| INVOKING Breathe Poison Gas.
  1873 | D:3      | 1873 ||| INVOKING Breathe Poison Gas.
  1896 | D:3      | 1896 ||| INVOKING Breathe Poison Gas.
  1916 | D:3      | Noticed a scorpion
  1917 | D:3      | 1917 ||| INVOKING Breathe Poison Gas.
  1919 | D:3      | Killed a scorpion
  1920 | D:3      | Reached skill level 3 in Fighting
  1920 | D:3      | Reached XP level 5. HP: 49/49 MP: 5/5
  2227 | D:3      | 2227 ||| READING scroll labelled KAH YNACSOR.
  2228 | D:3      | 2228 ||| READING scroll labelled VUYMIT QIGH.
  2229 | D:3      | 2229 ||| READING scroll labelled VIFEILLAFI.
  2254 | D:4      | 2254 ||| INVOKING Breathe Poison Gas.
  2341 | D:4      | 2341 ||| INVOKING Breathe Poison Gas.
  2357 | D:4      | 2357 ||| INVOKING Breathe Poison Gas.
  2372 | D:4      | Noticed a lemure
  2372 | D:4      | Noticed a lemure
  2373 | D:4      | 2373 ||| INVOKING Breathe Poison Gas.
  2374 | D:4      | Killed a lemure
  2375 | D:4      | Noticed a lemure
  2376 | D:4      | Killed a lemure
  2376 | D:4      | Noticed a lemure
  2377 | D:4      | Noticed Pikel
  2382 | D:4      | 2382 ||| INVOKING Breathe Poison Gas.
  2384 | D:4      | Killed a lemure
  2384 | D:4      | Killed a lemure
  2386 | D:4      | Killed Pikel
  2387 | D:4      | Reached XP level 6. HP: 52/56 MP: 6/6
  2387 | D:4      | Reached XP level 7. HP: 58/62 MP: 7/7
  2439 | D:4      | Found a stormy altar of Qazlal.
  2631 | D:4      | 2631 ||| INVOKING Breathe Poison Gas.
  2666 | D:4      | 2666 ||| INVOKING Breathe Poison Gas.
  2667 | D:4      | 2667 ||| INVOKING Breathe Poison Gas.
  2684 | D:4      | 2684 ||| INVOKING Breathe Poison Gas.
  2727 | D:4      | 2727 ||| INVOKING Breathe Poison Gas.
  3013 | D:4      | 3013 ||| UPGRADING to +1 robe.
  3023 | D:4      | 3023 ||| DROPPING +0 leather armour.
  3024 | D:4      | 3024 ||| UPGRADING to ring of positive energy.
  3025 | D:4      | 3025 ||| READING scroll labelled FENAIV AR MAC.
  3043 | D:5      | Entered Level 5 of the Dungeon
  3044 | D:5      | 3044 ||| PLANNING SEWER
  3044 | D:5      | 3044 ||| INVOKING Breathe Poison Gas.
  3054 | D:5      | 3054 ||| READING scroll of brand weapon.
  3054 | D:5      | 3054 ||| BRANDING +0 shortbow of draining.
  3065 | D:5      | 3065 ||| INVOKING Breathe Poison Gas.
  3072 | D:5      | 3072 ||| INVOKING Breathe Poison Gas.
  3077 | D:5      | Found a glowing drain.
  3080 | D:5      | 3080 ||| DRINKING 2 grey potions.
  3092 | Sewer    | Entered a sewer
  3105 | Sewer    | 3105 ||| INVOKING Breathe Poison Gas.
  3127 | Sewer    | 3127 ||| INVOKING Breathe Poison Gas.
  3154 | Sewer    | 3154 ||| INVOKING Breathe Poison Gas.
  3175 | Sewer    | 3175 ||| INVOKING Breathe Poison Gas.
  3243 | Sewer    | Found a viscous altar of Jiyva.
  3271 | Sewer    | Reached skill level 6 in Ranged Weapons
  3300 | Sewer    | 3300 ||| READING 3 scrolls labelled SUIDOO HITIOREEJ.
  3301 | Sewer    | 3301 ||| DRINKING 2 fuming amethyst potions.
  3302 | Sewer    | 3302 ||| DRINKING 2 metallic orange potions.
  3303 | Sewer    | 3303 ||| DROPPING potion of brilliance.
  3304 | Sewer    | 3304 ||| DROPPING 2 scrolls of poison.
  3325 | D:5      | 3325 ||| PLANNING D:1-11
  3336 | D:5      | 3336 ||| INVOKING Breathe Poison Gas.
  3354 | D:5      | 3354 ||| INVOKING Breathe Poison Gas.
  3358 | D:5      | Reached XP level 8. HP: 64/72 MP: 8/8
  3443 | D:5      | 3443 ||| INVOKING Breathe Poison Gas.
  3455 | D:5      | HP: 13/72 [orc warrior/+0 mace (9)]
  3458 | D:5      | Reached skill level 7 in Ranged Weapons
  3650 | D:5      | Identified the ring of Keycupi {MP+9 Str+3 Int+5}
  3676 | D:5      | 3676 ||| INVOKING Breathe Poison Gas.
  3731 | D:5      | 3731 ||| INVOKING Breathe Poison Gas.
  3751 | D:5      | 3751 ||| INVOKING Breathe Poison Gas.
  3753 | D:5      | Reached skill level 1 in Armour
  3753 | D:5      | 3753 ||| Stepping ~*~*~tactically~*~*~ (outnumbered).
  3770 | D:5      | 3770 ||| INVOKING Breathe Poison Gas.
  3803 | D:5      | 3803 ||| INVOKING Breathe Poison Gas.
  3813 | D:5      | 3813 ||| INVOKING Breathe Poison Gas.
  3838 | D:5      | 3838 ||| INVOKING Breathe Poison Gas.
  3855 | D:5      | 3855 ||| INVOKING Breathe Poison Gas.
  3870 | D:5      | 3870 ||| INVOKING Breathe Poison Gas.
  3902 | D:5      | 3902 ||| INVOKING Breathe Poison Gas.
  3921 | D:5      | 3921 ||| INVOKING Breathe Poison Gas.
  3923 | D:5      | Reached skill level 8 in Ranged Weapons
  3936 | D:5      | 3936 ||| INVOKING Breathe Poison Gas.
  3955 | D:5      | 3955 ||| INVOKING Breathe Poison Gas.
  3983 | D:5      | 3983 ||| INVOKING Breathe Poison Gas.
  3984 | D:5      | 3984 ||| UPGRADING to ring of Keycupi {MP+9 Str+3 Int+5}.
  4052 | D:5      | 4052 ||| INVOKING Breathe Poison Gas.
  4106 | D:5      | Reached XP level 9. HP: 81/81 MP: 9/9
  4296 | D:5      | 4296 ||| INVOKING Breathe Poison Gas.
  4297 | D:5      | 4297 ||| INVOKING Breathe Poison Gas.
  4337 | D:5      | 4337 ||| INVOKING Breathe Poison Gas.
  4351 | D:5      | 4351 ||| INVOKING Breathe Poison Gas.
  4385 | D:5      | 4385 ||| INVOKING Breathe Poison Gas.
  4456 | D:5      | 4456 ||| INVOKING Breathe Poison Gas.
  4480 | D:5      | 4480 ||| INVOKING Breathe Poison Gas.
  4503 | D:5      | 4503 ||| INVOKING Breathe Poison Gas.
  4524 | D:5      | 4524 ||| INVOKING Breathe Poison Gas.
  4538 | D:5      | 4538 ||| INVOKING Breathe Poison Gas.
  4555 | D:5      | 4555 ||| INVOKING Breathe Poison Gas.
  4682 | D:5      | 4682 ||| UPGRADING to ring of resist corrosion.
  4684 | D:5      | 4684 ||| DROPPING ring of positive energy.
  4685 | D:5      | 4685 ||| DRINKING 2 orange potions.
  4686 | D:5      | 4686 ||| DRINKING 2 clear potions.
  4687 | D:5      | 4687 ||| DRINKING 2 brown potions.
  4688 | D:5      | 4688 ||| READING 2 scrolls of identify.
  4688 | D:5      | 4688 ||| IDENTIFYING white potion
  4689 | D:5      | 4689 ||| DROPPING potion of attraction.
  4690 | D:5      | 4690 ||| DROPPING potion of invisibility.
  4691 | D:5      | 4691 ||| DROPPING potion of enlightenment.
  4703 | D:6      | Noticed an unseen horror
  4704 | D:6      | 4704 ||| INVOKING Breathe Poison Gas.
  4706 | D:6      | Killed an unseen horror
  4707 | D:6      | Reached skill level 9 in Ranged Weapons
  4731 | D:6      | Found a staircase to the Ecumenical Temple.
  4732 | D:6      | 4732 ||| PLANNING TEMPLE
  4733 | D:6      | 4733 ||| INVOKING Breathe Poison Gas.
  4748 | Temple   | Entered the Ecumenical Temple
  4749 | Temple   | 4749 ||| PLANNING OKAWARU WORSHIP
  4963 | Temple   | Became a worshipper of Warmaster Okawaru
  4963 | Temple   | 4963 ||| PLANNING D:1-11
  4970 | D:6      | 4970 ||| INVOKING Breathe Poison Gas.
  4972 | D:6      | Reached skill level 6 in Fighting
  5046 | D:6      | 5046 ||| INVOKING Breathe Poison Gas.
  5092 | D:6      | 5092 ||| INVOKING Breathe Poison Gas.
  5192 | D:6      | 5192 ||| INVOKING Breathe Poison Gas.
  5198 | D:6      | Noticed Maggie
  5207 | D:6      | Killed Maggie
  5208 | D:6      | Reached skill level 10 in Ranged Weapons
  5214 | D:6      | Noticed a two-headed ogre
  5215 | D:6      | 5215 ||| INVOKING Breathe Poison Gas.
  5218 | D:6      | Killed a two-headed ogre
  5218 | D:6      | Reached * piety under Okawaru
  5219 | D:6      | Reached XP level 10. HP: 96/96 MP: 10/10
  5253 | D:6      | Found a runed translucent door.
  5254 | D:6      | Noticed Crazy Yiuf
  5424 | D:6      | 5424 ||| UPGRADING to +2 steam dragon scales.
  5434 | D:6      | 5434 ||| DROPPING +1 robe.
  5435 | D:6      | 5435 ||| READING 3 scrolls labelled SAUNES JUCK.
  5436 | D:6      | 5436 ||| READING 2 scrolls of identify.
  5436 | D:6      | 5436 ||| IDENTIFYING bubbling clear potion
  5437 | D:6      | 5437 ||| DROPPING potion of lignification.
  5438 | D:6      | 5438 ||| DROPPING 2 scrolls of noise.
  5468 | D:7      | Found a white marble altar of Elyvilon.
  5470 | D:7      | 5470 ||| INVOKING Breathe Poison Gas.
  5481 | D:7      | Reached skill level 1 in Invocations
  5539 | D:7      | 5539 ||| INVOKING Breathe Poison Gas.
  5660 | D:7      | 5660 ||| INVOKING Breathe Poison Gas.
  5672 | D:7      | 5672 ||| INVOKING Breathe Poison Gas.
  5705 | D:7      | 5705 ||| INVOKING Heroism.
  5706 | D:7      | 5706 ||| INVOKING Heroism.
  5707 | D:7      | 5707 ||| INVOKING Breathe Poison Gas.
  5708 | D:7      | 5708 ||| INVOKING Breathe Poison Gas.
  5904 | D:7      | 5904 ||| INVOKING Breathe Poison Gas.
  5982 | D:7      | 5982 ||| INVOKING Breathe Poison Gas.
  6286 | D:7      | 6286 ||| READING scroll labelled NIOH FOTUO.
  6404 | D:8      | Noticed a two-headed ogre
  6405 | D:8      | 6405 ||| INVOKING Heroism.
  6406 | D:8      | 6406 ||| INVOKING Breathe Poison Gas.
  6411 | D:8      | Killed a two-headed ogre
  6412 | D:8      | Reached skill level 3 in Invocations
  6476 | D:8      | Noticed a two-headed ogre
  6477 | D:8      | 6477 ||| INVOKING Heroism.
  6478 | D:8      | 6478 ||| INVOKING Breathe Poison Gas.
  6481 | D:8      | Killed a two-headed ogre
  6481 | D:8      | Reached ** piety under Okawaru
  6678 | D:8      | Noticed Maurice
  6679 | D:8      | 6679 ||| INVOKING Breathe Poison Gas.
  6682 | D:8      | Killed Maurice
  6684 | D:8      | 6684 ||| INVOKING Heroism.
  6688 | D:8      | Reached skill level 11 in Ranged Weapons
  6783 | D:8      | 6783 ||| INVOKING Breathe Poison Gas.
  6856 | D:8      | 6856 ||| SWAPPING to +0 orcbow.
  6858 | D:8      | 6858 ||| INVOKING Breathe Poison Gas.
  6863 | D:8      | 6863 ||| DROPPING +0 heavy shortbow.
  6879 | D:8      | 6879 ||| INVOKING Breathe Poison Gas.
  6928 | D:8      | 6928 ||| INVOKING Breathe Poison Gas.
  6935 | D:8      | Reached *** piety under Okawaru
  7385 | D:8      | Noticed a boulder beetle
  7386 | D:8      | 7386 ||| INVOKING Heroism.
  7387 | D:8      | 7387 ||| INVOKING Breathe Poison Gas.
  7396 | D:8      | Killed a boulder beetle
  7397 | D:8      | Reached skill level 12 in Ranged Weapons
  7397 | D:8      | Reached XP level 11. HP: 66/103 MP: 12/14
  7761 | D:8      | 7761 ||| READING scroll labelled VIPSOE EQECKEI.
  7862 | D:8      | 7862 ||| READING scroll labelled JODWUA CIBIOCW.
  7863 | D:8      | 7863 ||| READING scroll labelled PIOTUBLONT.
  7864 | D:8      | 7864 ||| READING 2 scrolls of identify.
  7864 | D:8      | 7864 ||| IDENTIFYING green potion
  7865 | D:8      | 7865 ||| DROPPING potion of degeneration.
  7923 | D:9      | Found a runed translucent gate.
  7926 | D:9      | Noticed qw's ghost (novice NaHu)
  7927 | D:9      | 7927 ||| READING scroll of enchant weapon.
  7927 | D:9      | 7927 ||| ENCHANTING +0 orcbow.
  7936 | D:9      | Found a runed translucent gate.
  7936 | D:9      | Found a runed translucent gate.
  7961 | D:9      | Identified the +1 pair of boots "Xeoffusmo" {Str+3}
  8011 | D:9      | Reached skill level 3 in Armour
  8024 | D:9      | 8024 ||| INVOKING Breathe Poison Gas.
  8044 | D:9      | 8044 ||| INVOKING Breathe Poison Gas.
  8049 | D:9      | 8049 ||| INVOKING Heroism.
  8050 | D:9      | 8050 ||| INVOKING Breathe Poison Gas.
  8063 | D:9      | 8063 ||| INVOKING Breathe Poison Gas.
  8101 | D:9      | 8101 ||| INVOKING Breathe Poison Gas.
  8145 | D:9      | 8145 ||| SWAPPING to +1 orcbow of flaming.
  8146 | D:9      | 8146 ||| DROPPING +1 orcbow.
  8256 | D:9      | Noticed a centaur warrior
  8258 | D:9      | 8258 ||| INVOKING Breathe Poison Gas.
  8265 | D:9      | Killed a centaur warrior
  8265 | D:9      | Reached **** piety under Okawaru
  8355 | D:9      | 8355 ||| INVOKING Breathe Poison Gas.
  8378 | D:9      | 8378 ||| INVOKING Breathe Poison Gas.
  8410 | D:9      | Noticed Gastronok
  8411 | D:9      | 8411 ||| INVOKING Heroism.
  8415 | D:9      | 8415 ||| INVOKING Breathe Poison Gas.
  8423 | D:9      | Killed Gastronok
  8424 | D:9      | Reached skill level 13 in Ranged Weapons
  8434 | D:9      | 8434 ||| INVOKING Breathe Poison Gas.
  8443 | D:9      | 8443 ||| INVOKING Heroism.
  8465 | D:9      | 8465 ||| Stepping ~*~*~tactically~*~*~ (outnumbered).
  8466 | D:9      | 8466 ||| INVOKING Breathe Poison Gas.
  8469 | D:9      | 8469 ||| Stepping ~*~*~tactically~*~*~ (outnumbered).
  8471 | D:9      | 8471 ||| Stepping ~*~*~tactically~*~*~ (outnumbered).
  8476 | D:9      | 8476 ||| INVOKING Heroism.
  8496 | D:9      | 8496 ||| INVOKING Breathe Poison Gas.
  8506 | D:9      | Reached skill level 6 in Invocations
  8527 | D:9      | Found a staircase to the Orcish Mines.
  8607 | D:9      | Found an ornate altar of the Wu Jian Council.
  8662 | D:9      | 8662 ||| READING 3 scrolls of identify.
  8662 | D:9      | 8662 ||| IDENTIFYING silvery potion
  8663 | D:9      | 8663 ||| READING 2 scrolls of identify.
  8663 | D:9      | 8663 ||| IDENTIFYING inky potion
  8664 | D:9      | 8664 ||| DROPPING potion of berserk rage.
  8675 | D:10     | Entered Level 10 of the Dungeon
  8679 | D:10     | 8679 ||| FLEEEEING.
  8680 | D:10     | 8680 ||| FLEEEEING.
  8681 | D:10     | 8681 ||| FLEEEEING.
  8682 | D:10     | 8682 ||| STAIRDANCE
  8725 | D:10     | 8725 ||| INVOKING Heroism.
  8726 | D:10     | 8726 ||| INVOKING Breathe Poison Gas.
  8916 | D:10     | Found a burning altar of Makhleb.
  9154 | D:10     | Found a staircase to the Lair.
  9201 | D:10     | 9201 ||| READING 2 scrolls labelled JOONLO NAOFILAK.
  9202 | D:10     | 9202 ||| DROPPING scroll of immolation.
  9213 | D:11     | 9213 ||| INVOKING Breathe Poison Gas.
  9215 | D:11     | Noticed a two-headed ogre
  9216 | D:11     | 9216 ||| INVOKING Heroism.
  9225 | D:11     | Killed a two-headed ogre
  9225 | D:11     | Received a gift from Okawaru
  9226 | D:11     | Reached skill level 6 in Dodging
  9263 | D:11     | 9263 ||| INVOKING Heroism.
  9266 | D:11     | 9266 ||| INVOKING Breathe Poison Gas.
  9268 | D:11     | 9268 ||| INVOKING Breathe Poison Gas.
  9341 | D:11     | 9341 ||| INVOKING Heroism.
  9344 | D:11     | 9344 ||| INVOKING Breathe Poison Gas.
  9364 | D:11     | 9364 ||| INVOKING Breathe Poison Gas.
  9371 | D:11     | Reached XP level 12. HP: 105/111 MP: 17/17
  9563 | D:11     | Noticed a boulder beetle
  9564 | D:11     | 9564 ||| INVOKING Heroism.
  9574 | D:11     | Killed a boulder beetle
  9801 | D:11     | 9801 ||| UPGRADING to +0 troll leather armour.
  9811 | D:11     | 9811 ||| DROPPING +2 steam dragon scales.
  9859 | D:10     | 9859 ||| INVOKING Heroism.
  9913 | D:10     | Found Qacoav's Lightly-Used Armoury.
  9923 | D:10     | 9923 ||| BUYING -2 longbow (1 gold).
  9923 | D:10     | Bought a -2 longbow for 1 gold piece
  9923 | D:10     | 9923 ||| SWAPPING to -2 longbow.
  9985 | D:10     | Found Cunnair's Distillery.
  9994 | D:10     | 9994 ||| BUYING 2 potions of magic (192 gold).
  9994 | D:10     | Bought 2 potions of magic for 192 gold pieces
  9994 | D:10     | 9994 ||| BUYING potion of heal wounds (60 gold).
  9994 | D:10     | Bought a potion of heal wounds for 60 gold pieces
  9994 | D:10     | 9994 ||| BUYING potion of mutation (96 gold).
  9994 | D:10     | Bought a potion of mutation for 96 gold pieces
  9994 | D:10     | 9994 ||| BUYING potion of resistance (120 gold).
  9994 | D:10     | Bought a potion of resistance for 120 gold pieces
 10005 | D:10     | Found a bloodstained altar of Trog.
 10133 | D:11     | Noticed a centaur warrior
 10134 | D:11     | 10134 ||| Stepping ~*~*~tactically~*~*~ (outnumbered).
 10135 | D:11     | 10135 ||| Stepping ~*~*~tactically~*~*~ (outnumbered).
 10142 | D:11     | 10142 ||| INVOKING Heroism.
 10147 | D:11     | Killed a centaur warrior
 10148 | D:11     | Reached skill level 9 in Fighting
 10231 | D:10     | Found a shadowy altar of Dithmenos.
 10237 | D:10     | 10237 ||| PLANNING LAIR
 10299 | Lair:1   | Entered Level 1 of the Lair of Beasts
 10300 | Lair:1   | 10300 ||| PLANNING GAUNTLET
 10306 | Lair:1   | 10306 ||| STAIRDANCE
 10315 | D:10     | 10315 ||| INVOKING Heroism.
 10487 | Lair:1   | 10487 ||| INVOKING Heroism.
 10529 | Lair:1   | 10529 ||| INVOKING Heroism.
 10539 | Lair:1   | Reached skill level 9 in Invocations
 10539 | Lair:1   | 10539 ||| DRINKING 4 potions of cancellation.
 10641 | Lair:1   | 10641 ||| RIP GAUNTLET
 10651 | Lair:1   | 10651 ||| PLANNING LAIR
 10981 | Lair:1   | 10981 ||| READING scroll of brand weapon.
 10981 | Lair:1   | 10981 ||| BRANDING -2 longbow.
 11213 | Lair:1   | 11213 ||| READING 2 scrolls labelled WIMNIL ZACZI.
 11214 | Lair:1   | 11214 ||| DROPPING scroll of fog.
 11235 | Lair:2   | Noticed Nergalle
 11236 | Lair:2   | 11236 ||| INVOKING Heroism.
 11246 | Lair:2   | Killed Nergalle
 11277 | Lair:2   | 11277 ||| INVOKING Heroism.
 11352 | Lair:2   | Reached skill level 14 in Ranged Weapons
 11360 | Lair:2   | Reached ***** piety under Okawaru
 11395 | Lair:2   | 11395 ||| Stepping ~*~*~tactically~*~*~ (outnumbered).
 11422 | Lair:2   | Noticed a five-headed hydra
 11423 | Lair:2   | 11423 ||| INVOKING Heroism.
 11424 | Lair:2   | 11424 ||| INVOKING Finesse.
 11427 | Lair:2   | Killed a five-headed hydra
 11428 | Lair:2   | Gained mutation: You can use your snake-like lower body to
                  | constrict enemies. [Naga growth]
 11428 | Lair:2   | Reached XP level 13. HP: 123/123 MP: 12/20
 11501 | Lair:2   | 11501 ||| INVOKING Heroism.
 11542 | Lair:2   | 11542 ||| INVOKING Heroism.
 11620 | Lair:2   | Found a frozen archway.
 11642 | Lair:2   | You fall into a shaft and drop 2 floors!
 11658 | Lair:4   | 11658 ||| READING scroll of enchant weapon.
 11658 | Lair:4   | 11658 ||| ENCHANTING -2 longbow of draining.
 11672 | Lair:4   | 11672 ||| Stepping ~*~*~tactically~*~*~ (outnumbered).
 11690 | Lair:4   | 11690 ||| INVOKING Heroism.
 11714 | Lair:4   | Reached skill level 15 in Ranged Weapons
 11774 | Lair:4   | 11774 ||| INVOKING Heroism.
 11839 | Lair:3   | Found a hole to the Spider Nest.
 11842 | Lair:3   | 11842 ||| INVOKING Heroism.
 12041 | Lair:2   | 12041 ||| INVOKING Heroism.
 12042 | Lair:2   | 12042 ||| INVOKING Finesse.
 12551 | Lair:2   | Found a staircase to the Shoals.
 12646 | Lair:2   | 12646 ||| DROPPING ring of Keycupi {MP+9 Str+3 Int+5}.
 12647 | Lair:2   | 12647 ||| UPGRADING to +4 ring of protection.
 12649 | Lair:2   | 12649 ||| DROPPING +6 ring of strength.
 12650 | Lair:2   | 12650 ||| DROPPING ring of resist corrosion.
 12727 | Lair:3   | 12727 ||| INVOKING Heroism.
 13036 | Lair:3   | Received a gift from Okawaru
 13095 | Lair:3   | 13095 ||| INVOKING Heroism.
 13515 | Lair:4   | 13515 ||| INVOKING Heroism.
 13516 | Lair:4   | 13516 ||| INVOKING Finesse.
 13521 | Lair:4   | 13521 ||| SWAPPING to +1 orcbow of flaming.
 13524 | Lair:4   | 13524 ||| SWAPPING to -1 longbow of draining.
 13597 | Lair:4   | 13597 ||| INVOKING Heroism.
 13603 | Lair:4   | Reached skill level 16 in Ranged Weapons
 13877 | Lair:4   | 13877 ||| INVOKING Heroism.
 13878 | Lair:4   | 13878 ||| INVOKING Finesse.
 13879 | Lair:4   | 13879 ||| INVOKING Finesse.
 13888 | Lair:4   | Identified the +0 barding "Defic" {rF+} (Okawaru gifted it
                  | to you on level 4 of the Lair of Beasts)
 13888 | Lair:4   | Received a gift from Okawaru
 13889 | Lair:4   | Reached XP level 14. HP: 135/135 MP: 14/21
 14295 | Lair:4   | 14295 ||| UPGRADING to +0 barding "Defic" {rF+}.
 14315 | Lair:5   | Entered Level 5 of the Lair of Beasts
 14325 | Lair:5   | 14325 ||| STAIRDANCE
 14333 | Lair:4   | 14333 ||| INVOKING Heroism.
 14398 | Lair:5   | 14398 ||| STAIRDANCE
 14405 | Lair:4   | 14405 ||| INVOKING Heroism.
 14460 | Lair:5   | 14460 ||| INVOKING Heroism.
 14461 | Lair:5   | 14461 ||| INVOKING Finesse.
 14466 | Lair:5   | 14466 ||| SWAPPING to +1 orcbow of flaming.
 14468 | Lair:5   | 14468 ||| SWAPPING to -1 longbow of draining.
 14680 | Lair:5   | 14680 ||| INVOKING Heroism.
 14688 | Lair:5   | 14688 ||| SWAPPING to +1 orcbow of flaming.
 14700 | Lair:5   | 14700 ||| SWAPPING to -1 longbow of draining.
 14797 | Lair:5   | 14797 ||| INVOKING Heroism.
 14997 | Lair:5   | 14997 ||| INVOKING Heroism.
 15077 | Lair:5   | 15077 ||| Stepping ~*~*~tactically~*~*~ (cloud).
 15080 | Lair:5   | 15080 ||| INVOKING Heroism.
 15083 | Lair:5   | 15083 ||| Stepping ~*~*~tactically~*~*~ (cloud).
 15085 | Lair:5   | 15085 ||| Stepping ~*~*~tactically~*~*~ (cloud).
 15118 | Lair:5   | 15118 ||| INVOKING Heroism.
 15194 | Lair:5   | 15194 ||| INVOKING Heroism.
 15198 | Lair:5   | Reached skill level 17 in Ranged Weapons
 15220 | Lair:5   | 15220 ||| READING scroll of enchant weapon.
 15220 | Lair:5   | 15220 ||| ENCHANTING -1 longbow of draining.
 15241 | Lair:5   | 15241 ||| INVOKING Heroism.
 15265 | Lair:5   | 15265 ||| INVOKING Heroism.
 15292 | Lair:5   | 15292 ||| Stepping ~*~*~tactically~*~*~ (cloud).
 15296 | Lair:5   | Identified the +6 barding of Hysteria {rCorr MP+9 Str-2
                  | Int+5} (Okawaru gifted it to you on level 5 of the Lair of
                  | Beasts)
 15296 | Lair:5   | Received a gift from Okawaru
 15297 | Lair:5   | Reached skill level 6 in Armour
 15435 | Lair:5   | Found a staircase to the Slime Pits.
 15714 | Lair:5   | 15714 ||| PLANNING D:1-11
 15714 | Lair:5   | 15714 ||| UPGRADING to +6 barding of Hysteria {rCorr MP+9
                  | Str-2 Int+5}.
 15724 | Lair:5   | 15724 ||| UPGRADING to +2 pair of gloves of hurling.
 15734 | Lair:5   | 15734 ||| DROPPING +0 pair of gloves.
 16121 | D:11     | 16121 ||| Stepping ~*~*~tactically~*~*~ (outnumbered).
 16265 | D:11     | 16265 ||| PLANNING D
 16429 | D:12     | Noticed Urug
 16430 | D:12     | 16430 ||| INVOKING Heroism.
 16433 | D:12     | Killed Urug
 16697 | D:12     | 16697 ||| INVOKING Heroism.
 16798 | D:12     | Noticed Nessos
 16809 | D:12     | Killed Nessos
 16818 | D:12     | 16818 ||| SWAPPING to +2 longbow of flaming.
 16819 | D:12     | 16819 ||| DROPPING +1 orcbow of flaming.
 16820 | D:12     | 16820 ||| DROPPING +0 longbow of draining.
 16894 | D:12     | Reached XP level 15. HP: 141/141 MP: 22/22
 17585 | D:13     | Noticed Erolcha
 17592 | D:13     | Killed Erolcha
 17819 | D:13     | Noticed Sonja
 17823 | Abyss:2  | Found a corrupted altar of Lugonu.
 17823 | Abyss:2  | Cast into level 2 of the Abyss (Sonja)
 18061 | Abyss:2  | Found a corrupted altar of Lugonu.
 18089 | Abyss:2  | Noticed a profane servitor
 18105 | Abyss:2  | 18105 ||| INVOKING Heroism.
 18108 | Abyss:2  | 18108 ||| DRINKING 3 potions of cancellation.
 18114 | Abyss:2  | Killed a profane servitor
 18115 | Abyss:2  | Reached skill level 9 in Dodging
 18180 | Abyss:2  | 18180 ||| INVOKING Heroism.
 18193 | Abyss:2  | 18193 ||| Stepping ~*~*~tactically~*~*~ (outnumbered).
 18202 | D:13     | Escaped the Abyss
 18205 | D:13     | 18205 ||| Stepping ~*~*~tactically~*~*~ (outnumbered).
 18214 | D:13     | Killed Sonja
 18420 | D:13     | Reached skill level 18 in Ranged Weapons
 18492 | D:13     | 18492 ||| Stepping ~*~*~tactically~*~*~ (outnumbered).
 18531 | D:13     | 18531 ||| INVOKING Heroism.
 18615 | D:13     | 18615 ||| INVOKING Heroism.
 18702 | D:13     | Reached skill level 12 in Fighting
 18987 | D:13     | Identified the +0 kite shield "Jemorup" {SInv}
 19020 | D:13     | Found a gate to the Vaults.
 19029 | D:13     | 19029 ||| DROPPING ring of willpower.
 19124 | D:14     | Received a gift from Okawaru
 19788 | D:15     | Entered Level 15 of the Dungeon
 19839 | D:15     | 19839 ||| INVOKING Heroism.
 19866 | D:15     | Found a staircase to the Depths.
 19913 | D:15     | Noticed Ruat's ghost (adept DECj)
 19917 | D:15     | Found a bloodstained altar of Trog.
 19924 | D:15     | Found a transporter.
 19962 | D:15     | 19962 ||| STAIRDANCE
 20045 | D:15     | 20045 ||| Stepping ~*~*~tactically~*~*~ (outnumbered).
 20046 | D:15     | 20046 ||| Stepping ~*~*~tactically~*~*~ (outnumbered).
 20083 | D:15     | Reached XP level 16. HP: 152/152 MP: 23/23
 20130 | D:15     | Reached skill level 19 in Ranged Weapons
 20139 | D:15     | 20139 ||| READING scroll of enchant armour.
 20139 | D:15     | 20139 ||| ENCHANTING +0 cloak.
 20659 | D:15     | Found a transporter.
 20677 | D:15     | 20677 ||| PLANNING ORC
 20677 | D:15     | 20677 ||| UPGRADING to amulet of reflection.
 20682 | D:15     | 20682 ||| DROPPING amulet of regeneration.
 20883 | Orc:1    | Entered Level 1 of the Orcish Mines
 20899 | Orc:1    | Found Duw Xyt's Magic Scroll Shop.
 20949 | Orc:1    | Received a gift from Okawaru
 20952 | Orc:1    | 20952 ||| DROPPING +1 hand crossbow of freezing.
 20963 | Orc:1    | 20963 ||| Stepping ~*~*~tactically~*~*~ (outnumbered).
 20965 | Orc:1    | 20965 ||| Stepping ~*~*~tactically~*~*~ (outnumbered).
 20970 | Orc:1    | You fall into a shaft and drop 1 floor!
 20970 | Orc:2    | Entered Level 2 of the Orcish Mines
 21113 | Orc:2    | Reached ****** piety under Okawaru
 21134 | Orc:2    | 21134 ||| INVOKING Heroism.
 21136 | Orc:2    | 21136 ||| Stepping ~*~*~tactically~*~*~ (outnumbered).
 21190 | Orc:2    | 21190 ||| INVOKING Heroism.
 21223 | Orc:2    | Found Ukyesod's Antique Weapon Shoppe.
 21223 | Orc:2    | Found Lischu's Antique Weapon Boutique.
 21224 | Orc:2    | Found Curuloju's Armour Boutique.
 21224 | Orc:2    | Found Ihehetez's Book Emporium.
 21252 | Orc:1    | 21252 ||| INVOKING Heroism.
 21254 | Orc:1    | Received a gift from Okawaru
 21454 | Orc:1    | 21454 ||| INVOKING Heroism.
 21455 | Orc:1    | 21455 ||| INVOKING Finesse.
 21520 | Orc:1    | 21520 ||| INVOKING Heroism.
 21521 | Orc:1    | 21521 ||| INVOKING Finesse.
 21557 | Orc:1    | 21557 ||| INVOKING Heroism.
 21567 | Orc:1    | 21567 ||| INVOKING Finesse.
 21779 | Orc:1    | 21779 ||| INVOKING Heroism.
 22082 | Orc:2    | 22082 ||| INVOKING Heroism.
 22089 | Orc:2    | 22089 ||| Stepping ~*~*~tactically~*~*~ (outnumbered).
 22176 | Orc:2    | Found a staircase to the Elven Halls.
 22214 | Orc:2    | Noticed Rupert
 22215 | Orc:2    | 22215 ||| INVOKING Heroism.
 22216 | Orc:2    | 22216 ||| INVOKING Finesse.
 22225 | Orc:2    | Killed Rupert
 22594 | Orc:2    | 22594 ||| INVOKING Heroism.
 22604 | Orc:2    | 22604 ||| Stepping ~*~*~tactically~*~*~ (outnumbered).
 22636 | Orc:2    | 22636 ||| INVOKING Finesse.
 22658 | Orc:2    | 22658 ||| Stepping ~*~*~tactically~*~*~ (outnumbered).
 22659 | Orc:2    | 22659 ||| INVOKING Heroism.
 22676 | Orc:2    | 22676 ||| Stepping ~*~*~tactically~*~*~ (outnumbered).
 22684 | Orc:2    | 22684 ||| Stepping ~*~*~tactically~*~*~ (outnumbered).
 22705 | Orc:2    | HP: 32/156 [orc warrior/+0 trident[an orc knight] (13)]
 22706 | Orc:2    | 22706 ||| READING 6 scrolls of teleportation.
 22707 | Orc:2    | 22707 ||| DRINKING 4 potions of heal wounds.
 22714 | Orc:2    | HP: 36/156 [orc warrior/+0 trident[an orc knight] (19)]
 22715 | Orc:2    | 22715 ||| DRINKING 3 potions of heal wounds.
 22985 | Orc:2    | Identified the +1 leather armour of Experimentation {-Tele
                  | Will+ Str+2}
 22992 | Orc:2    | 22992 ||| DROPPING +0 arbalest of electrocution.
 23004 | Orc:2    | 23004 ||| PLANNING SPIDER:1-3
 23004 | Orc:2    | 23004 ||| DROPPING +1 leather armour of Experimentation
                  | {-Tele Will+ Str+2}.
 23005 | Orc:2    | 23005 ||| DROPPING +3 leather armour of poison resistance.
 23025 | Orc:2    | 23025 ||| INVOKING Heroism.
 23038 | Orc:2    | 23038 ||| UPGRADING to amulet of faith.
 23220 | Spider:1 | Entered Level 1 of the Spider Nest
 23220 | Spider:1 | Noticed Roxanne
 23221 | Spider:1 | 23221 ||| INVOKING Heroism.
 23232 | Spider:1 | 23232 ||| STAIRDANCE
 23249 | Spider:1 | 23249 ||| INVOKING Heroism.
 23266 | Spider:1 | 23266 ||| READING 5 scrolls of teleportation.
 23387 | Spider:1 | 23387 ||| Stepping ~*~*~tactically~*~*~ (outnumbered).
 23390 | Spider:1 | 23390 ||| INVOKING Finesse.
 23395 | Spider:1 | 23395 ||| Stepping ~*~*~tactically~*~*~ (outnumbered).
 23415 | Spider:1 | Reached skill level 20 in Ranged Weapons
 23500 | Spider:1 | You fall into a shaft and drop 1 floor!
 23585 | Spider:2 | Reached XP level 17. HP: 164/164 MP: 24/24
 23602 | Spider:2 | 23602 ||| READING scroll labelled UMASYPN FOYSU.
 23708 | Spider:1 | 23708 ||| INVOKING Heroism.
 23949 | Spider:1 | 23949 ||| INVOKING Heroism.
 23950 | Spider:1 | 23950 ||| INVOKING Finesse.
 23964 | Spider:1 | Killed Roxanne
 24414 | Spider:2 | 24414 ||| READING scroll of enchant armour.
 24414 | Spider:2 | 24414 ||| ENCHANTING +1 cloak.
 24973 | Spider:3 | 24973 ||| INVOKING Heroism.
 25013 | Spider:3 | Received a gift from Okawaru
 25024 | Spider:3 | 25024 ||| INVOKING Finesse.
 25079 | Spider:3 | 25079 ||| INVOKING Heroism.
 25213 | Spider:3 | 25213 ||| INVOKING Heroism.
 25316 | Spider:3 | 25316 ||| READING scroll of enchant weapon.
 25316 | Spider:3 | 25316 ||| ENCHANTING +2 longbow of flaming.
 25336 | Spider:3 | 25336 ||| INVOKING Finesse.
 25559 | Spider:3 | 25559 ||| INVOKING Heroism.
 25844 | Spider:3 | 25844 ||| PLANNING SHOALS:1-3
 25979 | Shoals:1 | Entered Level 1 of the Shoals
 25993 | Shoals:1 | 25993 ||| INVOKING Heroism.
 26169 | Shoals:1 | 26169 ||| INVOKING Heroism.
 26246 | Shoals:1 | Reached skill level 15 in Fighting
 26264 | Shoals:1 | 26264 ||| INVOKING Heroism.
 26423 | Shoals:1 | 26423 ||| INVOKING Heroism.
 26477 | Shoals:1 | Identified the +3 trident of Feafon {spect, rC+ MP+9 Str+4}
 26544 | Shoals:1 | 26544 ||| INVOKING Heroism.
 26690 | Shoals:1 | 26690 ||| UPGRADING to +5 ring of evasion.
 26692 | Shoals:1 | 26692 ||| DROPPING +4 ring of protection.
 26703 | Shoals:2 | 26703 ||| INVOKING Heroism.
 26814 | Shoals:2 | Reached skill level 9 in Armour
 27010 | Shoals:2 | Reached XP level 18. HP: 178/178 MP: 25/25
 27117 | Shoals:2 | 27117 ||| READING scroll of enchant weapon.
 27117 | Shoals:2 | 27117 ||| ENCHANTING +3 longbow of flaming.
 27262 | Shoals:3 | 27262 ||| INVOKING Heroism.
 27313 | Shoals:3 | Found Ceid's Antique Armour Boutique.
 27318 | Shoals:3 | 27318 ||| BUYING embroidered cloak (225 gold).
 27318 | Shoals:3 | Bought an embroidered cloak for 225 gold pieces
 27318 | Shoals:3 | 27318 ||| BUYING glowing ring mail (210 gold).
 27318 | Shoals:3 | Bought a glowing ring mail for 210 gold pieces
 27324 | Shoals:3 | 27324 ||| INVOKING Heroism.
 27396 | Shoals:3 | 27396 ||| INVOKING Heroism.
 27435 | Shoals:3 | 27435 ||| DROPPING +0 cloak of stealth.
 27443 | Shoals:3 | 27443 ||| DROPPING +3 ring mail of poison resistance.
 27525 | Shoals:3 | Reached skill level 12 in Dodging
 27564 | Shoals:3 | 27564 ||| INVOKING Heroism.
 27776 | Shoals:3 | 27776 ||| INVOKING Heroism.
 27802 | Shoals:3 | HP: 37/178 [water nymph/the raging water (24)]
 27803 | Shoals:3 | 27803 ||| READING 7 scrolls of teleportation.
 27804 | Shoals:3 | 27804 ||| DRINKING 2 potions of heal wounds.
 27848 | Shoals:3 | 27848 ||| FLEEEEING.
 27849 | Shoals:3 | 27849 ||| FLEEEEING.
 27850 | Shoals:3 | 27850 ||| INVOKING Heroism.
 28080 | Shoals:3 | 28080 ||| PLANNING SPIDER:4
 28251 | Spider:4 | Entered Level 4 of the Spider Nest
 28252 | Spider:4 | 28252 ||| INVOKING Heroism.
 28253 | Spider:4 | 28253 ||| INVOKING Finesse.
 28392 | Spider:4 | 28392 ||| INVOKING Heroism.
 28444 | Spider:4 | Noticed Mara
 28445 | Spider:4 | 28445 ||| INVOKING Heroism.
 28446 | Spider:4 | 28446 ||| INVOKING Finesse.
 28453 | Spider:4 | Noticed qw's illusion
 28456 | Spider:4 | Killed Mara
 28564 | Spider:4 | 28564 ||| INVOKING Finesse.
 28638 | Spider:4 | 28638 ||| INVOKING Heroism.
 28684 | Spider:4 | HP: 39/183 [emperor scorpion (18)]
 28685 | Spider:4 | 28685 ||| READING 6 scrolls of teleportation.
 28686 | Spider:4 | 28686 ||| DRINKING potion of heal wounds.
 28740 | Spider:4 | 28740 ||| INVOKING Heroism.
 28880 | Spider:4 | 28880 ||| INVOKING Heroism.
 28896 | Spider:4 | 28896 ||| DRINKING 11 potions of curing.
 28896 | Spider:4 | 28896 ||| (to cure confusion)
 28898 | Spider:4 | 28898 ||| DRINKING 10 potions of curing.
 28898 | Spider:4 | 28898 ||| (to cure confusion)
 28918 | Spider:4 | 28918 ||| INVOKING Finesse.
 28958 | Spider:4 | 28958 ||| INVOKING Heroism.
 29119 | Spider:4 | 29119 ||| DRINKING potion of experience.
 29119 | Spider:4 | Reached XP level 19. HP: 193/193 MP: 26/26
 29147 | Spider:4 | Got a gossamer rune of Zot
 29301 | Spider:4 | 29301 ||| PLANNING VAULTS:1-4
 29301 | Spider:4 | 29301 ||| DROPPING scarf of harm.
 29302 | Spider:4 | 29302 ||| UPGRADING to scarf of resistance.
 29312 | Spider:4 | 29312 ||| DROPPING +0 barding of cold resistance.
 29615 | Vaults:1 | Entered Level 1 of the Vaults
 29714 | Vaults:1 | Identified the +7 sling "Haroillu" {antimagic, rElec Str+2
                  | Int+3} (Okawaru gifted it to you on level 1 of the Vaults)
 29714 | Vaults:1 | Received a gift from Okawaru
 29836 | Vaults:1 | 29836 ||| Stepping ~*~*~tactically~*~*~ (outnumbered).
 29839 | Vaults:1 | 29839 ||| Stepping ~*~*~tactically~*~*~ (outnumbered).
 29854 | Vaults:1 | 29854 ||| Stepping ~*~*~tactically~*~*~ (outnumbered).
 29869 | Vaults:1 | Reached XP level 20. HP: 202/204 MP: 27/27
 29992 | Vaults:1 | 29992 ||| INVOKING Heroism.
 29999 | Vaults:1 | Reached skill level 18 in Fighting
 30206 | Vaults:1 | Found Ozotz's Jewellery Shoppe.
 30215 | Vaults:1 | 30215 ||| BUYING +6 ring of dexterity (504 gold).
 30215 | Vaults:1 | Bought a +6 ring of dexterity for 504 gold pieces
 30277 | Vaults:1 | Found Zunick's Distillery.
 30284 | Vaults:1 | 30284 ||| BUYING potion of cancellation (152 gold).
 30284 | Vaults:1 | Bought a potion of cancellation for 152 gold pieces
 30284 | Vaults:1 | 30284 ||| BUYING potion of curing (57 gold).
 30284 | Vaults:1 | Bought a potion of curing for 57 gold pieces
 30284 | Vaults:1 | 30284 ||| BUYING potion of heal wounds (95 gold).
 30284 | Vaults:1 | Bought a potion of heal wounds for 95 gold pieces
 30284 | Vaults:1 | 30284 ||| BUYING potion of might (76 gold).
 30284 | Vaults:1 | Bought a potion of might for 76 gold pieces
 30284 | Vaults:1 | 30284 ||| BUYING potion of resistance (190 gold).
 30284 | Vaults:1 | Bought a potion of resistance for 190 gold pieces
 30284 | Vaults:1 | 30284 ||| BUYING potion of resistance (190 gold).
 30284 | Vaults:1 | Bought a potion of resistance for 190 gold pieces
 30314 | Vaults:1 | Found Magoux's General Store.
 30320 | Vaults:1 | 30320 ||| BUYING potion of might (68 gold).
 30320 | Vaults:1 | Bought a potion of might for 68 gold pieces
 30483 | Vaults:1 | 30483 ||| Stepping ~*~*~tactically~*~*~ (outnumbered).
 30512 | Vaults:1 | Identified a scroll of acquirement
 30525 | Vaults:1 | 30525 ||| READING scroll of acquirement.
 30525 | Vaults:1 | 30525 ||| ACQUIRING 867 gold pieces
 30525 | Vaults:1 | Acquired 867 gold pieces
 30591 | Vaults:1 | 30591 ||| Stepping ~*~*~tactically~*~*~ (outnumbered).
 30617 | Vaults:1 | Received a gift from Okawaru
 30659 | Vaults:1 | 30659 ||| DROPPING +1 heavy longbow.
 30839 | Vaults:1 | 30839 ||| Stepping ~*~*~tactically~*~*~ (outnumbered).
 30842 | Vaults:1 | 30842 ||| Stepping ~*~*~tactically~*~*~ (outnumbered).
 31016 | Vaults:1 | 31016 ||| INVOKING Heroism.
 31020 | Vaults:1 | 31020 ||| Stepping ~*~*~tactically~*~*~ (outnumbered).
 31074 | Vaults:1 | 31074 ||| UPGRADING to +6 ring of dexterity.
 31076 | Vaults:1 | 31076 ||| DROPPING ring of fire.
 31077 | Vaults:1 | 31077 ||| DROPPING +5 ring of evasion.
 31437 | Vaults:2 | 31437 ||| Stepping ~*~*~tactically~*~*~ (outnumbered).
 31444 | Vaults:2 | Identified the +0 barding of Courage {Rampage rPois}
                  | (Okawaru gifted it to you on level 2 of the Vaults)
 31444 | Vaults:2 | Received a gift from Okawaru
 31453 | Vaults:2 | 31453 ||| INVOKING Heroism.
 31510 | Vaults:2 | Found a staircase to the Crypt.
 31552 | Vaults:2 | Identified the +6 arbalest of Cruel Justice {elec, Str-5
                  | Int+3 Dex+3}
 31906 | Vaults:2 | Reached skill level 15 in Dodging
 31910 | Vaults:2 | 31910 ||| INVOKING Heroism.
 31911 | Vaults:2 | 31911 ||| INVOKING Finesse.
 32470 | Vaults:2 | Noticed Xtahua
 32471 | Vaults:2 | 32471 ||| DRINKING 5 potions of resistance.
 32475 | Vaults:2 | 32475 ||| DROPPING +0 barding of Courage {Rampage rPois}.
 32476 | Vaults:2 | 32476 ||| DROPPING +1 hat.
 32499 | Vaults:2 | Killed Xtahua
 32500 | Vaults:2 | 32500 ||| Stepping ~*~*~tactically~*~*~ (cloud).
 32768 | Vaults:3 | Received a gift from Okawaru
 32812 | Vaults:3 | Reached XP level 21. HP: 211/214 MP: 28/28
 32859 | Vaults:3 | 32859 ||| Stepping ~*~*~tactically~*~*~ (outnumbered).
 32866 | Vaults:3 | 32866 ||| Stepping ~*~*~tactically~*~*~ (outnumbered).
 32871 | Vaults:3 | 32871 ||| Stepping ~*~*~tactically~*~*~ (outnumbered).
 33182 | Vaults:3 | 33182 ||| Stepping ~*~*~tactically~*~*~ (outnumbered).
 33185 | Vaults:3 | 33185 ||| Stepping ~*~*~tactically~*~*~ (outnumbered).
 33194 | Vaults:3 | 33194 ||| INVOKING Heroism.
 33309 | Vaults:3 | 33309 ||| INVOKING Heroism.
 33328 | Vaults:3 | 33328 ||| Stepping ~*~*~tactically~*~*~ (outnumbered).
 33330 | Vaults:3 | 33330 ||| Stepping ~*~*~tactically~*~*~ (outnumbered).
 33337 | Vaults:3 | Received a gift from Okawaru
 33364 | Vaults:3 | 33364 ||| Stepping ~*~*~tactically~*~*~ (outnumbered).
 33366 | Vaults:3 | 33366 ||| Stepping ~*~*~tactically~*~*~ (outnumbered).
 33460 | Vaults:3 | 33460 ||| Stepping ~*~*~tactically~*~*~ (outnumbered).
 33626 | Vaults:3 | Found Idush's Assorted Antiques.
 33626 | Vaults:3 | You fall into a shaft and drop 1 floor!
 33738 | Vaults:4 | 33738 ||| INVOKING Heroism.
 33890 | Vaults:4 | Noticed Jory
 33894 | Vaults:4 | Received a gift from Okawaru
 33899 | Vaults:4 | 33899 ||| INVOKING Heroism.
 33907 | Vaults:4 | HP: 23/216 [Jory/+1 great sword of freezing (34)]
 33908 | Vaults:4 | 33908 ||| READING 7 scrolls of teleportation.
 33908 | Vaults:4 | HP: 11/216 [harpy (5)]
 33908 | Vaults:4 | Annihilated by Jory

Levels and vault maps discovered:
D:1:      ldierk_walled_garden_2, layout_loops_ring
D:2:      layout_basic, dilly_ecumenical_altar_fadedgnrine, minmay_crystal_water
D:3:      layout_basic, minmay_puff
D:4:      layout_basic, nicolae_qazlal_scattered_showers, uniq_pikel
D:5:      lemuel_castle_with_subvaults [lemuel_castle_interior_carwin_2],
          layout_cave_pods, portal_sewer_entry_f, minmay_divided_ellipse
D:6:      layout_rooms, minmay_temple_entry_mist, uniq_crazy_yiuf_cottage,
          uniq_maggie
D:7:      layout_basic, mainiacjoe_overflow_concentric_impassable,
          palyth_stone_intersect, roderic_lattice_a
D:8:      nicolae_cairo_tiling_very_big, layout_layer_cave,
          minmay_fire_ice_demons, uniq_maurice
D:9:      hangedman_cross_stitches, layout_rooms,
          nicolae_wu_jian_immortal_techniques, david_orc_4,
          gammafunk_ghost_split, uniq_gastronok
D:10:     layout_basic, mainiacjoe_overflow_alcove_4,
          nicolae_overflow_hidden_temple, serial_shops, shop,
          minmay_shop_damaged, kennysheep_pointless_box
D:11:     layout_gridville, lemuel_nasty_fountain
D:12:     layout_grid_maze, uniq_nessos, uniq_urug
D:13:     layout_roguey, ximxim_vaults_locker_room, nzn_random_ring, uniq_sonja,
          uniq_erolcha
D:14:     layout_irregular_city, minivault_14
D:15:     grunt_enter_depths_magical_seal, layout_loops_ring, minivault_14,
          gammafunk_ghost_wrathful_warriors, minivault_10
Temple:   nicolae_temple_bog_church
Lair:1:   layout_small_grid, gauntlet_entry_generic
Lair:2:   layout_cave_pods, minmay_shoals_entry_lonely_mermaid,
          portal_ice_cave_entry_imps, uniq_nergalle
Lair:3:   layout_regular_city, nicolae_spider_entry_non_spiders
Lair:4:   beast_lair_carwin_large_3, layout_cave_pods
Lair:5:   evilmike_catoblepas_cave, layout_concentric_octagons, slime_entry_1,
          lemuel_fruit_tree
Shoals:1: layout_shoals
Shoals:2: layout_shoals
Shoals:3: layout_shoals, serial_shops, nicolae_shop_hallway_stairs,
          nicolae_shoals_nymph_descending_staircase
Spider:1: layout_spider_delve, uniq_roxanne
Spider:2: layout_chambers, nicolae_spider_nooks_and_crannies
Spider:3: layout_spider_delve, hellmonk_narrow_tunnel
Spider:4: grunt_spider_rune_circles, uniq_mara
Orc:1:    cheibrodos_orc_arena, layout_caves, basic_altar, serial_shops, shop
Orc:2:    st_orc_ogre_mass, layout_caves, nicolae_volcano_entry_vermiform,
          minmay_orc_treasury, uniq_rupert
Vaults:1: grunt_vaults_hallway_long, hangedman_vaults_unwind,
          nicolae_vaults_murderbox, v_misc_5, nicolae_vaults_storage_closets_3,
          hangedman_vaults_maws, nicolae_vaults_windows_and_doors_thing,
          nicolae_vaults_sightless_eye, nicolae_vaults_apartment_1,
          v_alt_pattern_3, vaults_room_pool, ontoclasm_vaults_twist,
          vaults_dpeg_encased_lava, grunt_vaults_hallway_long,
          nicolae_vaults_house_2, layout_vaults_omnicross, serial_shops, shop,
          nicolae_lakefront_shop, shop
Vaults:2: st_diamondy, v_misc_19, minmay_crypt_entry_simple_box,
          nicolae_vaults_double_plus_2, nicolae_vaults_trapezoid_2, v_rooms_1,
          nicolae_vaults_yaktaur_gun_rack, layout_vaults_omnigrid, uniq_xtahua
Vaults:3: v_misc_5, hangedman_vaults_stream, nicolae_vaults_closet_pinwheel_6,
          nicolae_vaults_shrinking_rooms_2, v_misc_23, hangedman_vaults_locks,
          nicolae_vaults_stepped_doors, nicolae_vaults_prndl,
          nicolae_vaults_little_squares_4, vaults_room_semicircle,
          nicolae_vaults_diffraction_hallways, ontoclasm_vaults_hangar,
          ontoclasm_vaults_loading_screen, nicolae_vaults_little_squares_4,
          layout_vaults_ring, serial_shops, nicolae_shop_waterfront
Vaults:4: gammafunk_ghost_mausoleum, nicolae_vaults_sesquioval_fish,
          vaults_room_semicircle, nicolae_vaults_big_ls,
          nicolae_vaults_little_squares_2, dpeg_vaults_monster_row, v_misc_17,
          vaults_room_hangedman_quadrants, v_misc_27,
          nicolae_vaults_diagonal_hallway_9, layout_vaults_chaotic_city,
          serial_shops, nicolae_shop_tiny_statue_garden, uniq_boris, uniq_jory,
          uniq_donald

Skill      XL: |  1  2  3  4  5  6  7  8  9 10 11 12 13 14 15 16 17 18 19 20 21 |
---------------+----------------------------------------------------------------+-----
Ranged Weapons | 4 5 6 8 10 12 13 14 16 17 18 20 | 20.0
Fighting       | 3 5 7 8 10 11 12 13 15 17 18 19 | 19.0
Dodging        | 5 6 7 8 9 10 11 12 13 15 16 | 16.6
Armour         | 1 2 3 6 7 9 10 | 10.0
Invocations    | 4 7 10 | 10.0
Stealth        | |  1.5

Action                     |  1- 3 |  4- 6 |  7- 9 | 10-12 | 13-15 | 16-18 | 19-21 || total
---------------------------+-------+-------+-------+-------+-------+-------+-------++-------
   Fire: Shortbow          |    57 |    27 |   237 |    64 |       |       |       ||   385
         Orcbow            |       |       |       |   291 |    14 |       |       ||   305
         Longbow           |       |       |       |   181 |  1200 |  1622 |  1012 ||  4015
 Invoke: Heroism           |       |       |       |    22 |    29 |    39 |     8 ||    98
         Finesse           |       |       |       |     1 |     4 |    13 |     1 ||    19
Ability: Spit Poison       |    26 |       |       |       |       |       |       ||    26
         Breathe Poison Ga |     3 |    11 |    46 |    32 |       |       |       ||    92
    Use: Scroll            |     4 |     3 |     4 |    13 |     2 |     9 |     2 ||    37
         Potion            |     4 |       |     6 |     1 |     1 |     7 |     1 ||    20
 Armour: Leather armour    |     9 |     3 |       |       |       |       |       ||    12
         Robe              |       |       |    43 |       |       |       |       ||    43
         Steam dragon scal |       |       |       |    19 |       |       |       ||    19
         Troll leather arm |       |       |       |    66 |   388 |   386 |   219 ||  1059
  Dodge: Dodged            |    10 |     8 |    81 |   223 |   490 |   866 |   644 ||  2322
  Block: Other             |       |       |       |       |       |    67 |       ||    67

Table legend:
 A = Non-vault XP
 B = Vault XP
 C = Vault XP percentage of total XP
 D = Non-vault monster count
 E = Vault monster count
 F = Vault count percentage of total count
                 A         B        C        D         E       F
            +---------+---------+-------+---------+---------+-------
      Total |  272910 |  190812 |  41.1 |     795 |     507 |  38.9
            +---------+---------+-------+---------+---------+-------
        D:1 |      35 |       0 |   0.0 |      19 |       0 |   0.0
        D:2 |      39 |       0 |   0.0 |      16 |       0 |   0.0
        D:3 |     104 |       3 |   2.8 |      15 |       2 |  11.8
        D:4 |      24 |     663 |  96.5 |      11 |       1 |   8.3
        D:5 |     248 |    1373 |  84.7 |      13 |      70 |  84.3
        D:6 |    1888 |     365 |  16.2 |      14 |       1 |   6.7
        D:7 |     726 |       0 |   0.0 |      22 |       0 |   0.0
        D:8 |    3766 |     530 |  12.3 |      13 |       3 |  18.8
        D:9 |    1452 |    4150 |  74.1 |      17 |      30 |  63.8
       D:10 |    2492 |       0 |   0.0 |      15 |       0 |   0.0
       D:11 |    5216 |       0 |   0.0 |      25 |       0 |   0.0
       D:12 |    2844 |    1800 |  38.8 |      12 |       2 |  14.3
       D:13 |    4313 |   12795 |  74.8 |      16 |      31 |  66.0
       D:14 |    6724 |       0 |   0.0 |      13 |       0 |   0.0
       D:15 |    4437 |    4530 |  50.5 |      12 |      10 |  45.5
     Lair:1 |    2932 |       0 |   0.0 |      10 |       0 |   0.0
     Lair:2 |   11400 |    1390 |  10.9 |      41 |      14 |  25.5
     Lair:3 |    4828 |     421 |   8.0 |      18 |       8 |  30.8
     Lair:4 |    9666 |    5821 |  37.6 |      30 |      12 |  28.6
     Lair:5 |   11188 |   11568 |  50.8 |      33 |      23 |  41.1
   Shoals:1 |   12278 |       0 |   0.0 |      29 |       0 |   0.0
   Shoals:2 |   10204 |       0 |   0.0 |      24 |       0 |   0.0
   Shoals:3 |   21426 |    2254 |   9.5 |      40 |       5 |  11.1
   Spider:1 |   17417 |    1411 |   7.5 |      47 |       1 |   2.1
   Spider:2 |    5523 |    2204 |  28.5 |      15 |       6 |  28.6
   Spider:3 |   22979 |    2716 |  10.6 |      53 |       4 |   7.0
   Spider:4 |    8410 |   26414 |  75.8 |      17 |      41 |  70.7
      Orc:1 |    3263 |    3531 |  52.0 |      32 |      16 |  33.3
      Orc:2 |    2837 |   29257 |  91.2 |      30 |      97 |  76.4
   Vaults:1 |   25676 |   31823 |  55.3 |      46 |      42 |  47.7
   Vaults:2 |   21575 |   17921 |  45.4 |      25 |      21 |  45.7
   Vaults:3 |   23978 |   20770 |  46.4 |      32 |      27 |  45.8
   Vaults:4 |   12594 |    6841 |  35.2 |      15 |       7 |  31.8
    Abyss:2 |   10428 |       0 |   0.0 |      25 |       0 |   0.0
      Sewer |       0 |     261 | 100.0 |       0 |      33 | 100.0
            +---------+---------+-------+---------+---------+-------
